 Dungeon Crawl Stone Soup version 0.24-a0-232-g49d9ff8 (webtiles) character file.

Game seed: 8644764466678969093

2368 emperorscorpion the Chopper (level 9, -3/66 HPs)
             Began as a Human Wanderer on Apr 3, 2019.
             Was a Priest of Okawaru.
             Slain by a bullfrog zombie (6 damage)
             ... on level 6 of the Dungeon.
             The game lasted 00:15:25 (5797 turns).

emperorscorpion the Chopper (Human Wanderer)        Turns: 5797, Time: 00:15:26

Health: -3/66      AC:  9    Str: 13      XL:     9   Next: 72%
Magic:  24/24      EV: 14    Int: 16      God:    Okawaru [***...]
Gold:   333        SH:  0    Dex: 11 (12) Spells: 13/16 levels left

rFire    . . .     SeeInvis .   a - +6 short sword (venom)
rCold    . . .     Gourm    .   (no shield)
rNeg     . . .     Faith    .   j - +0 ring mail
rPois    .         Spirit   .   s - +0 helmet
rElec    .         Reflect  .   x - +0 cloak
rCorr    .         Harm     .   n - +0 pair of gloves
MR       .....                  (no boots)
Stlth    +.........             (no amulet)
HPRegen  0.21/turn              l - +3 ring of evasion
MPRegen  0.19/turn              e - ring of magical power

@: lethally poisoned (-3 -> -6), hasted, very quick
A: no striking features
a: Heroism, Renounce Religion


You were on level 6 of the Dungeon.
You worshipped Okawaru.
Okawaru was most pleased with you.
You were very hungry.

You visited 1 branch of the dungeon, and saw 6 of its levels.

You collected 333 gold pieces.

Inventory:

Hand Weapons
 a - a +6 short sword of venom (weapon)
 b - a +3 hand crossbow
 d - a +0 hand axe
 k - a +1 war axe of chopping
 w - a +1 short sword of speed
Missiles
 h - 37 bolts
 u - 11 poisoned needles
Armour
 j - a +0 ring mail (worn)
 n - a +0 pair of gloves (worn)
 s - a +0 helmet (worn)
 x - a +0 cloak (worn)
Jewellery
 c - a cursed -2 ring of evasion
 e - a ring of magical power (right hand)
 l - a +3 ring of evasion (left hand)
Scrolls
 g - a scroll of remove curse
 q - 3 scrolls of identify
 v - 2 scrolls of teleportation
Potions
 t - a potion of agility
Miscellaneous
 i - a lightning rod (4/4)
Comestibles
 f - 10 rations


   Skills:
 + Level 4.3 Fighting
 + Level 1.7 Short Blades
 - Level 5.3 Axes
 + Level 4.3 Crossbows
 + Level 1.1 Throwing
 + Level 4.8 Armour
 + Level 3.0 Dodging
 + Level 0.7 Stealth
   Level 1.0 Shields
 + Level 4.1 Spellcasting
 + Level 3.8 Conjurations
 + Level 3.7 Hexes
   Level 1.0 Poison Magic


You had 13 spell levels left.
You knew the following spells:

 Your Spells              Type           Power        Failure   Level  Hunger
a - Dazzling Spray        Conj/Hex       ###...       21%         3    ###....

Your spell library contained the following spells:

 Spells                   Type           Power        Failure   Level  Hunger
 Sting                    Conj/Pois      ##..         12%         1    None
 Shock                    Conj/Air       #...         16%         1    None
 Ignite Poison            Fire/Tmut/Pois #.......     65%         3    ###....


Dungeon Overview and Level Annotations

Branches:
Dungeon (6/15)             Temple (0/1) D:6

Altars:
Gozag
Hepliaklqana
Okawaru
Xom

Annotations:
D:6 2 transporters


Message History

You hit the adder.
The adder looks as sick as possible!
The adder is almost dead.
The phantom barely misses you.
You puncture the adder!
You kill the adder!
Okawaru accepts your kill.
You feel sick. The phantom closely misses you.
You hit the bullfrog zombie.
The bullfrog zombie is lightly damaged.
An orc comes into view. It is wielding a +0 whip.
The bullfrog zombie hits you.
* * * LOW HITPOINT WARNING * * *
Okay, then.
Okay, then.
You barely miss the bullfrog zombie.
The bullfrog zombie is lightly damaged.
The orc shouts!
The phantom barely misses you.
The phantom blinks!
The bullfrog zombie hits you.
You die...

55o#P8#.##.##.#
.#≈≈≈≈≈≈≈#.P#o##.##.#
$[#..≈P≈..#..#..W...>#
©.+..≈⌠P..+/©#©..#####
$)#..≈≈≈..#..#..##
P.#≈≈≈≈≈≈≈#.P#.##
8≈#...oK5o#P8#.#
##############.#
...5Z§W@Z..W...#
################


You could see a kobold demonologist, 2 phantoms, 2 orc priests, a crimson imp, a
shadow imp, an orc, a bullfrog zombie and a hound skeleton.

Vanquished Creatures
  An unseen horror (D:5)
  The ghost of derval the Destroyer, a novice DECj (D:5)
  Grinder (D:6)
  An ice beast (D:5)
  3 ogres
  A centaur (D:5)
  Blork the orc (D:4)
  A bullfrog (D:2)
  A scorpion (D:6)
  A howler monkey (D:5)
  2 crimson imps
  A centaur zombie (D:5)
  2 jellies (D:5)
  3 orc wizards (D:5)
  A quasit (D:6)
  Crazy Yiuf (D:4)
  A hound (D:6)
  An iguana (D:5)
  Natasha (thrice) (D:4)
  2 worker ants
  8 adders
  3 oozes
  3 worms
  3 leopard geckos
  21 orcs
  8 giant cockroaches
  6 goblins
  6 hobgoblins
  8 jackals
  4 quokkas
  3 ball pythons (D:2)
  9 bats
  10 frilled lizards
  A jackal skeleton (D:4)
  5 kobolds
  A leopard gecko skeleton (D:5)
  A quokka skeleton (D:5)
  7 rats
136 creatures vanquished.

Vanquished Creatures (others)
  A centaur (D:6)
  An orc (D:6)
2 creatures vanquished.

Grand Total: 138 creatures vanquished

Notes
Turn   | Place    | Note
-------+----------+-------------------------------------------
     0 | D:1      | emperorscorpion the Human Wanderer began the quest for the
                  | Orb.
     0 | D:1      | emperorscorpion set off with the following items: a +2 hand
                  | crossbow, 23 bolts, a +0 robe, a ration; and the following
                  | spells available to memorise: Sting, Shock, Ignite Poison,
                  | Dazzling Spray
     0 | D:1      | Reached XP level 1. HP: 16/16 MP: 3/3
   115 | D:1      | Reached XP level 2. HP: 16/22 MP: 5/5
   515 | D:1      | Reached XP level 3. HP: 27/27 MP: 6/6
   723 | D:1      | Upgraded the game from 0.24-a0-230-g536ed4e to
                  | 0.24-a0-232-g49d9ff8
   870 | D:2      | Found an opulent altar of Gozag.
  1061 | D:2      | Reached XP level 4. HP: 34/34 MP: 7/7
  1182 | D:2      | Noticed a bullfrog
  1193 | D:2      | Killed a bullfrog
  1193 | D:2      | Reached skill level 1 in Dodging
  1193 | D:2      | Reached XP level 5. HP: 26/39 MP: 8/8
  1201 | D:2      | Learned a level 3 spell: Dazzling Spray
  1532 | D:2      | Found an iron altar of Okawaru.
  1543 | D:2      | Became a worshipper of Warmaster Okawaru
  1565 | D:2      | Found a hazy altar of Hepliaklqana.
  2033 | D:3      | Reached skill level 1 in Short Blades
  2634 | D:4      | Noticed Blork the orc
  2647 | D:4      | Killed Blork the orc
  2647 | D:4      | Reached skill level 1 in Conjurations
  2647 | D:4      | Reached skill level 1 in Hexes
  2647 | D:4      | Reached XP level 6. HP: 12/46 MP: 9/9
  3021 | D:4      | Noticed Natasha
  3024 | D:4      | Killed Natasha
  3225 | D:4      | Noticed Natasha
  3235 | D:4      | Killed Natasha
  3243 | D:4      | Noticed Natasha
  3248 | D:4      | Killed Natasha
  3460 | D:4      | Found a runed translucent door.
  3461 | D:4      | Noticed Crazy Yiuf
  3469 | D:4      | Killed Crazy Yiuf
  3469 | D:4      | Reached XP level 7. HP: 44/51 MP: 11/11
  3683 | D:5      | Entered Level 5 of the Dungeon
  3804 | D:5      | Reached skill level 1 in Axes
  3891 | D:5      | Found a runed translucent gate.
  3891 | D:5      | Found a runed translucent gate.
  3893 | D:5      | Found a runed translucent gate.
  3919 | D:5      | Reached * piety under Okawaru
  4227 | D:5      | Noticed derval's ghost (novice DECj)
  4298 | D:5      | Reached skill level 2 in Axes
  4360 | D:5      | Reached XP level 8. HP: 14/58 MP: 12/12
  4811 | D:5      | Reached skill level 3 in Axes
  4837 | D:5      | Reached ** piety under Okawaru
  5223 | D:5      | Killed an unseen horror
  5223 | D:5      | Reached skill level 4 in Axes
  5223 | D:5      | Reached XP level 9. HP: 6/64 MP: 15/15
  5475 | D:5      | Killed derval's ghost
  5475 | D:5      | Reached skill level 5 in Axes
  5640 | D:6      | Found a shimmering altar of Xom.
  5698 | D:6      | Found a staircase to the Ecumenical Temple.
  5725 | D:6      | Reached *** piety under Okawaru
  5748 | D:6      | Found a transporter.
  5749 | D:6      | Noticed an orc sorcerer
  5751 | D:6      | Noticed a kobold demonologist
  5757 | D:6      | Noticed Grinder
  5761 | D:6      | Found a transporter.
  5763 | D:6      | Paralysed by Grinder for 7 turns
  5782 | D:6      | Paralysed by Grinder for 7 turns
  5790 | D:6      | Killed Grinder
  5796 | D:6      | HP: 3/66 [bullfrog zombie (3)]
  5797 | D:6      | Slain by a bullfrog zombie

Levels and vault maps discovered:
D:1:      psy_arrival_terrarium, layout_rooms
D:2:      layout_basic, okawaru_metal_pillars_3, nicolae_overflow_crystal_walls,
          lemuel_doored_altar, first_ration
D:3:      layout_rooms
D:4:      layout_rooms, uniq_blork_the_orc, uniq_natasha,
          uniq_crazy_yiuf_cottage
D:5:      kennysheep_windowed_halls, layout_rooms, gammafunk_ghost_split
D:6:      gammafunk_wand_slinger, layout_basic, xom_confusion_cloud,
          minmay_temple_entry_sparse_star, portal_sewer_entry_d, basic_altar,
          minmay_manual_maat, uniq_grinder

Skill      XL: |  1  2  3  4  5  6  7  8  9 |
---------------+----------------------------+-----
Crossbows      | 3 4 |  4.3
Dodging        | 1 2 3 |  3.0
Armour         | 2 3 4 |  4.8
Short Blades   | 1 |  1.7
Conjurations   | 1 2 3 |  3.8
Hexes          | 1 2 3 |  3.7
Axes           | 2 4 5 |  5.3
Spellcasting   | 3 4 |  4.1
Fighting       | 3 4 |  4.3
Throwing       | |  1.1
Stealth        | |  0.7
Shields        | |  1.0
Poison Magic   | |  1.0

Action                   |  1- 3 |  4- 6 |  7- 9 || total
-------------------------+-------+-------+-------++-------
Melee: Hand axe          |    90 |       |       ||    90
       Short sword       |    13 |   119 |    41 ||   173
       War axe           |       |    13 |   187 ||   200
 Fire: Hand crossbow     |    18 |    52 |     9 ||    79
 Cast: Dazzling Spray    |       |       |     3 ||     3
  Use: Scroll            |     5 |       |     9 ||    14
       Potion            |       |     1 |     8 ||     9
 Stab: Confused          |       |       |     1 ||     1
  Eat: Chunk             |     1 |     7 |     7 ||    15
Armor: Ring mail         |    68 |    29 |   114 ||   211
       Skin              |       |       |    22 ||    22
Dodge: Dodged            |   113 |    72 |   192 ||   377

Table legend:
 A = Non-vault XP
 B = Vault XP
 C = Vault XP percentage of total XP
 D = Non-vault monster count
 E = Vault monster count
 F = Vault count percentage of total count
                 A         B        C        D         E       F
            +---------+---------+-------+---------+---------+-------
      Total |    1097 |    2287 |  67.6 |     110 |      26 |  19.1
            +---------+---------+-------+---------+---------+-------
        D:1 |      43 |       0 |   0.0 |      26 |       0 |   0.0
        D:2 |     150 |       0 |   0.0 |      29 |       0 |   0.0
        D:3 |      59 |       0 |   0.0 |      18 |       0 |   0.0
        D:4 |     110 |     175 |  61.4 |      10 |       3 |  23.1
        D:5 |     459 |    1732 |  79.1 |      22 |      17 |  43.6
        D:6 |     276 |     380 |  57.9 |       5 |       6 |  54.5
            +---------+---------+-------+---------+---------+-------
